 Dungeon Crawl Stone Soup version 0.22-a0-136-g83a10e5898 (webtiles) character file.

299 MrRokkomies the Bolt Thrower (level 6, -2/48 HPs)
             Began as a Human Hunter on Feb 4, 2018.
             Slain by a scorpion (6 damage)
             ... on level 4 of the Dungeon.
             The game lasted 00:09:01 (3735 turns).

MrRokkomies the Bolt Thrower (Human Hunter)         Turns: 3735, Time: 00:09:01

Health: -2/48      AC:  4    Str: 14    XL:     6   Next: 63%
Magic:  6/6        EV: 12    Int: 11    God:
Gold:   104        SH:  0    Dex: 14    Spells: 5/5 levels left

rFire    . . .     SeeInvis .   b - +2 whip (pain)
rCold    . . .     Gourm    .   (no shield)
rNeg     . . .     Faith    +   c - +1 leather armour
rPois    .         Spirit   .   (no helmet)
rElec    .         Reflect  .   (no cloak)
rCorr    .         Harm     .   (no gloves)
MR       .....                  (no boots)
Stlth    +.........             o - amulet of faith
HPRegen  0.16/turn              (no ring)
MPRegen  0.10/turn              (no ring)

@: lethally poisoned (-2 -> -16)
A: no striking features
a: no special abilities


You were on level 4 of the Dungeon.
You were very hungry.

You visited 1 branch of the dungeon, and saw 4 of its levels.

You collected 104 gold pieces.

Inventory:

Hand Weapons
 a - a +1 hand crossbow
 b - a +2 whip of pain (weapon)
 e - a +0 short sword
 s - a +0 great mace
Missiles
 d - 25 bolts
Armour
 c - a +1 leather armour (worn)
Jewellery
 o - an amulet of faith (around neck)
Wands
 q - a wand of iceblast (6)
Scrolls
 j - 2 scrolls of immolation
 l - 4 scrolls of teleportation
 p - 3 scrolls of remove curse
 r - a scroll of enchant armour
Potions
 g - a potion of heal wounds
 h - a potion of brilliance
 i - 3 potions of curing {unknown}
 k - 3 potions of mutation {unknown}
 m - a potion of flight {unknown}
 n - a potion of berserk rage {unknown}
 t - a potion of might {unknown}
Comestibles
 f - 8 rations


   Skills:
 - Level 4.2 Fighting
 * Level 1.9 Maces & Flails
 * Level 5.9 Crossbows
 - Level 2.0 Dodging
 - Level 1.0 Stealth


You had 5 spell levels left.
You didn't know any spells.

Dungeon Overview and Level Annotations

Branches:
Dungeon (4/15)
 Temple: D:4-7

Altars:
Ashenzari
Ru
Trog
Yredelemnul
The Shining One

Annotations:
D:3 1 runed door


Message History

The scorpion stings you but does no damage.
You barely miss the scorpion.
The scorpion is severely wounded.
You feel sick. The scorpion stings you!
* * * LOW HITPOINT WARNING * * *
You hit the scorpion but do no damage.
The scorpion is severely wounded.
You feel sick. The scorpion stings you.
* * * LOW HITPOINT WARNING * * *
You are lethally poisoned!
The scorpion poisons you!
You hit the scorpion but do no damage.
The scorpion is severely wounded.
* * * LOW HITPOINT WARNING * * *
You feel sick. The scorpion barely misses you.
You hit the scorpion but do no damage.
The scorpion is severely wounded.
* * * LOW HITPOINT WARNING * * *
You feel sick. The scorpion stings you.
You die...

#........ #........
#........ #........ ###
######.(......
##...#...##(..(.... ...#
#.........#........ ...#
.#_.....s@........... ...#
.##.........#........
...####..##...#...##........
..........#########.........
............................
............................
................#'##.....[..
................#..#........
................#..#........


You could see a scorpion.

Vanquished Creatures
  A scorpion (D:4)
  An orc priest (D:3)
  Jessica (D:2)
  An iguana (D:4)
  A gnoll (D:1)
  8 adders
  2 worms
  A dart slug (D:2)
  4 leopard geckos
  2 giant cockroaches
  13 goblins
  11 hobgoblins
  4 jackals (D:3)
  A quokka (D:2)
  6 bats
  8 frilled lizards
  9 kobolds
  10 rats
84 creatures vanquished.

Vanquished Creatures (others)
  A plant (D:1)
1 creature vanquished.

Grand Total: 85 creatures vanquished

Notes
Turn   | Place    | Note
-------+----------+-------------------------------------------
     0 | D:1      | MrRokkomies the Human Hunter began the quest for the Orb.
     0 | D:1      | Reached XP level 1. HP: 16/16 MP: 1/1
   170 | D:1      | Reached XP level 2. HP: 23/23 MP: 2/2
   442 | D:1      | Reached XP level 3. HP: 28/28 MP: 3/3
   763 | D:2      | Noticed Jessica
   768 | D:2      | Killed Jessica
   768 | D:2      | Reached XP level 4. HP: 18/35 MP: 4/4
  1270 | D:2      | Found a shattered altar of Ashenzari.
  1307 | D:2      | Reached skill level 5 in Crossbows
  1326 | D:2      | Reached XP level 5. HP: 21/41 MP: 5/5
  2667 | D:3      | Found a runed door.
  2667 | D:3      | Noticed a human
  2681 | D:3      | Found a basalt altar of Yredelemnul.
  3068 | D:3      | Found a bloodstained altar of Trog.
  3312 | D:3      | Found a faded altar of an unknown god.
  3403 | D:3      | Reached XP level 6. HP: 28/48 MP: 6/6
  3414 | D:3      | Reached skill level 1 in Maces & Flails
  3556 | D:3      | Found a glowing golden altar of the Shining One.
  3708 | D:4      | Found a sacrificial altar of Ru.
  3735 | D:4      | Slain by a scorpion

Vault maps used:
D:1:      giann_horns, serial_forest, infiniplex_forest_clump_small,
          infiniplex_forest_split, infiniplex_forest_clump_long,
          infiniplex_forest_lined_2, infiniplex_forest_clump_long,
          infiniplex_forest_side_room, infiniplex_forest_lined_3,
          infiniplex_forest_lined_ring, grunt_decor_cap, st_stairs_5
D:2:      ashenzari_altar_1, first_ration, uniq_jessica
D:3:      lightli_temple_of_fire, nicolae_overflow_hidden_temple,
          chequers_ecumenical_altar_lobes, dk_yredelemnul_ordeal
D:4:      lemuel_coloured_pillars_altar, old_standard_altar, marbit_many_paths,
          nicolae_ossuary_entry_plus, elyvilon_altar_4

Skill      XL: |  1  2  3  4  5  6 |
---------------+-------------------+-----
Fighting       | 3 4 |  4.2
Crossbows      | 5 |  5.9
Maces & Flails | 1 |  1.9
Dodging        | |  2.0
Stealth        | |  1.0

Action                   |  1- 3 |  4- 6 || total
-------------------------+-------+-------++-------
Melee: Whip              |    69 |   207 ||   276
       Short sword       |     1 |       ||     1
 Fire: Hand crossbow     |       |    18 ||    18
  Use: Scroll            |     3 |     4 ||     7
       Potion            |       |     1 ||     1
 Stab: Sleeping          |     1 |     4 ||     5
  Eat: Chunk             |       |     8 ||     8
Armor: Leather armour    |    32 |    54 ||    86
Dodge: Dodged            |    50 |   130 ||   180

Table legend:
 A = Spawn XP
 B = Non-spawn XP
 C = Spawn XP percentage of total XP
 D = Spawn monster count
 E = Non-spawn monster count
 F = Spawn count percentage of total count
 G = Total turns spent on level
                    A         B        C        D         E        F      G
               +---------+---------+-------+---------+---------+-------+---------
         Total |       0 |     428 |   0.0 |       0 |      84 |   0.0 |  3735
               +---------+---------+-------+---------+---------+-------+---------
           D:1 |       0 |      47 |   0.0 |       0 |      24 |   0.0 |   715
           D:2 |       0 |     136 |   0.0 |       0 |      30 |   0.0 |  1429
           D:3 |       0 |     136 |   0.0 |       0 |      27 |   0.0 |  1515
           D:4 |       0 |     109 |   0.0 |       0 |       3 |   0.0 |    76
               +---------+---------+-------+---------+---------+-------+---------
